 Dungeon Crawl Stone Soup version 0.22-a0-533-g4d20840 (webtiles) character file.

208 gmonis the Firebug (level 5, -1/38 HPs)
             Began as a Draconian Fire Elementalist on June 22, 2018.
             Slain by a gnoll
             ... wielding a +0 spear
              (3 damage)
             ... on level 4 of the Dungeon.
             The game lasted 00:11:03 (3453 turns).

gmonis the Firebug (Draconian Fire Elementalist)    Turns: 3453, Time: 00:11:04

Health: -1/38      AC:  6    Str: 11    XL:     5   Next: 55%
Magic:  0/9        EV: 12    Int: 16    God:
Gold:   222        SH:  0    Dex: 11    Spells: 9/10 levels left

rFire    . . .     SeeInvis .   (no weapon)
rCold    . . .     Gourm    .   (no shield)
rNeg     . . .     Faith    .   (armour unavailable)
rPois    .         Spirit   .   (helmet restricted)
rElec    .         Reflect  .   l - +0 cloak
rCorr    .         Harm     .   (no gloves)
MR       .....                  (no boots)
Stlth    ++........             (no amulet)
HPRegen  0.12/turn              (no ring)
MPRegen  0.11/turn              (no ring)

@: about to teleport, very slightly contaminated, hasted, very quick
A: unfitting armour, cold-blooded, AC +5
a: no special abilities


You were on level 4 of the Dungeon.
You were hungry.

You visited 1 branch of the dungeon, and saw 4 of its levels.

You collected 222 gold pieces.

Inventory:

Missiles
 c - 54 stones (quivered)
Armour
 l - a +0 cloak (worn)
Jewellery
 p - an uncursed ring of protection from cold {unknown}
Scrolls
 a - 2 scrolls of fear {unknown}
 e - 3 scrolls of remove curse {unknown}
 f - 3 scrolls of teleportation
 h - 2 scrolls of identify {unknown}
 k - a scroll of noise {unknown}
 r - a scroll of magic mapping {unknown}
Potions
 g - a potion of mutation {unknown}
 i - a potion of haste
 j - a potion of flight {unknown}
 m - a potion of curing {unknown}
 n - a potion of berserk rage {unknown}
 o - a potion of might {unknown}
 s - a potion of magic {unknown}
Comestibles
 b - 11 rations


   Skills:
 + Level 2.5 Dodging
 + Level 2.5 Stealth
 * Level 3.2 Spellcasting
 * Level 2.7 Conjurations
 * Level 4.0 Fire Magic


You had 9 spell levels left.
You knew the following spells:

 Your Spells              Type           Power        Failure   Level  Hunger
a - Flame Tongue          Conj/Fire      ##...        4%          1    None

Your spell library contained the following spells:

 Spells                   Type           Power        Failure   Level  Hunger
 Fireball                 Conj/Fire      ##........   77%         5    ######.
 Conjure Flame            Conj/Fire      ##......     14%         3    ###....
 Throw Flame              Conj/Fire      ##....       7%          2    ##.....
 Sticky Flame             Conj/Fire      ##......     41%         4    ####...
 Inner Flame              Hex/Fire       #.......     24%         3    ###....


Dungeon Overview and Level Annotations

Branches:
Dungeon (4/15)
 Temple: D:4-7

Altars:
Ashenzari
Dithmenos
Vehumet


Innate Abilities, Weirdness & Mutations

Your plain brown scales are hard. (AC +5)
You cannot fit into any form of body armour.
You are cold-blooded and may be slowed by cold attacks.


Message History

The quokka misses you. The orc hits you but does no damage.
The gnoll hits you from afar with a spear.
The quokka bites you. The orc hits you but does no damage.
The gnoll hits you but does no damage. The quokka bites you.
Casting: Flame Tongue (safe; 4% risk of failure)
Confirm with . or Enter, or press ? or * to list all spells.
Aiming: Flame Tongue (safe; 4% risk of failure)
Press: ? - help, Shift-Dir - straight line, f/p - quokka
Aim: a quokka The flame tongue hits the quokka.
The quokka is almost dead.
The quokka completely misses you. The orc hits you but does no damage.
The gnoll hits you from afar with a spear!
* * * LOW HITPOINT WARNING * * *
The quokka completely misses you. The orc hits you with a whip.
* * * LOW HITPOINT WARNING * * *
The gnoll hits you from afar with a spear.
You die...

#.#.. #o### #o#
### #g# ... #.#
#o# #########o#
#o# #...g.ggo.#
#o#....#g#######
#@### #.#
##r######.#
#.gg..g...#
###########


You could see an orc wizard, 2 gnolls, 2 orcs and a quokka.

Vanquished Creatures
  2 orc wizards
  Jessica (D:3)
  Ijyb (D:3)
  An adder (D:2)
  A gnoll (D:4)
  A worm (D:2)
  2 dart slugs
  3 leopard geckos
  5 orcs
  7 bats
  3 giant cockroaches
  4 goblins
  10 hobgoblins
  2 jackals (D:3)
  2 quokkas
  3 ball pythons
  8 frilled lizards
  8 kobolds
  10 rats
74 creatures vanquished.

Notes
Turn   | Place    | Note
-------+----------+-------------------------------------------
     0 | D:1      | gmonis the Draconian Fire Elementalist began the quest for the Orb.
     0 | D:1      | Reached XP level 1. HP: 14/14 MP: 3/3
   180 | D:1      | Reached XP level 2. HP: 14/20 MP: 0/5
  1046 | D:2      | Reached XP level 3. HP: 26/26 MP: 4/6
  1920 | D:2      | Reached XP level 4. HP: 33/33 MP: 4/8
  2310 | D:3      | Found a shattered altar of Ashenzari.
  2477 | D:3      | Found a shadowy altar of Dithmenos.
  2550 | D:3      | Noticed Jessica
  2564 | D:3      | Killed Jessica
  2620 | D:3      | Found a radiant altar of Vehumet.
  2773 | D:3      | Noticed Ijyb
  2872 | D:3      | Killed Ijyb
  3017 | D:3      | Reached XP level 5. HP: 36/38 MP: 2/9
  3398 | D:4      | Reached skill level 4 in Fire Magic
  3453 | D:4      | Slain by a gnoll

Vault maps used:
D:1:      minmay_arrival_plants_in_alcoves, minmay_misc_feat_encased
D:3:      minmay_door_path, marbit_many_paths, lemuel_round_altar,
          fiery_altar_vehumet, first_ration, uniq_jessica, uniq_ijyb
D:4:      fedhas_altar_fruit_tree, minitemple, serial_shops, shop,
          nicolae_shop_trees, kennysheep_little_box, shop, shop,
          minmay_misc_feat_pillars, uniq_grinder

Skill      XL: |  1  2  3  4  5 |
---------------+----------------+-----
Dodging        | 2 |  2.5
Stealth        | 2 |  2.5
Conjurations   | 2 |  2.7
Spellcasting   | 3 |  3.2
Fire Magic     | 4 |  4.0

Action                   |  1- 3 |  4- 6 || total
-------------------------+-------+-------++-------
Throw: Stone             |    49 |     8 ||    57
 Cast: Flame Tongue      |    73 |    72 ||   145
  Use: Potion            |       |     2 ||     2
       Scroll            |       |     1 ||     1
  Eat: Chunk             |     4 |     4 ||     8
Armor: Skin              |     7 |    23 ||    30
Dodge: Dodged            |    26 |    37 ||    63

Table legend:
 A = Spawn XP
 B = Non-spawn XP
 C = Spawn XP percentage of total XP
 D = Spawn monster count
 E = Non-spawn monster count
 F = Spawn count percentage of total count
 G = Total turns spent on level
                    A         B        C        D         E        F      G
               +---------+---------+-------+---------+---------+-------+---------
         Total |       0 |     298 |   0.0 |       0 |      74 |   0.0 |  3453
               +---------+---------+-------+---------+---------+-------+---------
           D:1 |       0 |      36 |   0.0 |       0 |      22 |   0.0 |   952
           D:2 |       0 |      68 |   0.0 |       0 |      30 |   0.0 |  1187
           D:3 |       0 |     140 |   0.0 |       0 |      18 |   0.0 |  1240
           D:4 |       0 |      54 |   0.0 |       0 |       4 |   0.0 |    74
               +---------+---------+-------+---------+---------+-------+---------
